cohdb
Replays
Latest Replays
All Replays
Popular Replays
Top Player Replays
Match Explorer
How It Works
Community
CoH3 Stats
Reddit
Sign in to upload your games and track your stats! →
Sign in with Steam
Match 43690979
Unlisted
Match 43690979
Overview
Messages
Build Orders
End
Vickers Machine Gun Team
Construct Section Command Post
Infantry Section
Infantry Section
Infantry Section
Selects Indian Artillery Battlegroup
Selects Towed ML 4.2-inch Heavy Mortar
Vickers Machine Gun Team
Grenade Package
Construct Platoon Command Post
Selects Off-map Airburst Barrage
CMP 15cwt Truck
6-pounder Anti-tank Gun Team
Selects BL5.5 Artillery Emplacement
Construct Company Command Post
Off-map Airburst Barrage
Matilda II Heavy Tank
CMP 15cwt Truck
Selects War Cry
Selects Gurkha Rifles Section
Off-map Airburst Barrage
Sir TokesAlot
Dmixen
Kham
SunAndSteel
deSmo)°
Victor
hogarthw
DeadEye
0
0
Comments
sign in to comment!
No comments posted yet!